 Dungeon Crawl Stone Soup version 0.27-a0-1301-g128193abf8 (webtiles) character file.

Game seed: 17200795631437141599

1410 senseless the Magician (level 9, -6/55 HPs)
             Began as a Djinni Fire Elementalist on June 17, 2021.
             Was an Initiate of Makhleb.
             Mangled by an unseen horror (9 damage)
             ... on level 6 of the Dungeon.
             The game lasted 00:22:40 (7710 turns).

senseless the Magician (Djinni Fire Elementalist)   Turns: 7710, Time: 00:22:42

Health: -6/55      AC:  4    Str: 13    XL:     9   Next: 1%
Gold:   201        EV: 14    Int: 27    God:    Makhleb [......] SH:  0 Dex: 13

rFire    + + .     SeeInvis .   n - +3 hand axe (vorpal)
rCold    x . .     Faith    .   (no shield)
rNeg     . . .     Spirit   .   a - +0 robe
rPois    ∞         Reflect  .   (no helmet)
rElec    .         Harm     .   (no cloak)
rCorr    .         Rampage  .   q - +1 pair of gloves
Will     .....                  (boots unavailable)
Stlth    ++........             (no amulet)
HPRegen  0.18/turn              h - +6 ring of intelligence
MPRegen  0.00/turn              i - +6 ring of strength

@: flying
A: sickness immunity, fire resistance 2, cold vulnerability 1, float, innate
caster, hp casting, extra vitality 1
a: Renounce Religion


You were on level 6 of the Dungeon.
You worshipped Makhleb.
Makhleb was noncommittal.
You visited 2 branches of the dungeon, and saw 7 of its levels.

You collected 201 gold pieces.

Inventory:

Hand Weapons
 d - a +0 war axe
 n - a +3 vorpal hand axe (weapon)
Missiles
 o - 2 throwing nets
Armour
 a - a +0 robe (worn)
 g - a +1 leather armour of fire resistance
 q - a +1 pair of gloves (worn)
Jewellery
 h - a +6 ring of intelligence (left hand)
 i - a +6 ring of strength (right hand)
Wands
 r - a wand of iceblast (10)
 s - a wand of polymorph (7)
Scrolls
 b - a scroll of holy word
 e - a scroll of blinking
 k - a scroll of immolation
Potions
 c - a potion of attraction
 m - 2 potions of flight {unknown}
 p - a potion of haste {unknown}


   Skills:
 + Level 6.9 Dodging
 - Level 1.5 Stealth
 * Level 7.0 Spellcasting


You couldn't memorise any spells.
You knew the following spells:

 Your Spells              Type           Power      Damage    Failure   Level
a - Foxfire               Conj/Fire      100%       2x1d9     1%          1
b - Conjure Flame         Conj/Fire      47%        6-21      1%          3
c - Inner Flame           Hex/Fire       47%        N/A       1%          3
d - Sticky Flame          Conj/Fire      47%        2d6       3%          4
e - Fireball              Conj/Fire      23%        3d11      9%          5
f - Sting                 Tmut/Pois      100%       1d8       1%          1
g - Corpse Rot            Necr/Air       N/A        N/A       1%          2
h - Stone Arrow           Conj/Erth      94%        3d12      1%          3
i - Spider Form           Tmut/Pois      23%        N/A       1%          3
Your spell library was empty.

Dungeon Overview and Level Annotations

Branches:
Dungeon (6/15)             Temple (1/1) D:5

Altars:
Ashenzari
Dithmenos
Elyvilon
Fedhas
Gozag
Hepliaklqana
Kikubaaqudgha
Makhleb
Qazlal
Ru
Sif Muna
Wu Jian
Yredelemnul
The Shining One


Innate Abilities, Weirdness & Mutations

You are immune to sickness and miasma.
You are immune to poison.
Your flesh is very heat resistant. (rF++)
You are vulnerable to cold. (rC-)
You float through the air rather than walking.
You learn spells naturally, not from books.
Your magical power is your life essence.
You have superior vitality. (+4 HP)


Message History

Something hits you.
* * * LOW HITPOINT WARNING * * *
Okay, then.
As you read the scroll of teleportation, it crumbles to dust.
You feel strangely unstable. Something hits you.
* * * LOW HITPOINT WARNING * * *
Something closely misses you. Something hits you!
* * * LOW HITPOINT WARNING * * *
Your surroundings suddenly seem different.
Found a robe.
Found an escape hatch in the floor.
You start resting.
Something completely misses you. Something hits you! Something hits you!
* * * LOW HITPOINT WARNING * * *
You closely miss something. Something barely misses you. Something hits you!
* * * LOW HITPOINT WARNING * * *
You feel better. Something hits you.
* * * LOW HITPOINT WARNING * * *
Casting: Foxfire (safe; 1% risk of failure)
Confirm with . or Enter, or press ? or * to list all spells.
You conjure some foxfire!
* * * LOW HITPOINT WARNING * * *
Something hits you but does no damage.
Casting: Foxfire (safe; 1% risk of failure)
Confirm with . or Enter, or press ? or * to list all spells.
You conjure some foxfire!
* * * LOW HITPOINT WARNING * * *
The foxfire hits something but does no damage.
The foxfire hits something.
Something hits you.
* * * LOW HITPOINT WARNING * * *
Casting: Foxfire (safe; 1% risk of failure)
Confirm with . or Enter, or press ? or * to list all spells.
You conjure some foxfire!
* * * LOW HITPOINT WARNING * * *
The foxfire hits something but does no damage.
The foxfire hits something.
Something hits you!
You die...

>.. ... .... .....
#####.#... #v.......#
####@§.......
#..§.v.......
.......§..[.....
....#.....#####.#
##### ... #.....#
##..###..(## ..
.......# ....##.....#
#
#.......##....#......(
##......#.....#.......
#......#....##(.....(


There were no monsters in sight!

Vanquished Creatures
  Grinder (D:4)
  A wyvern (D:6)
  2 water moccasins
  2 black bears
  An ogre (D:5)
  A howler monkey (D:4)
  2 hounds
  3 jellies
  2 orc priests (D:4)
  2 bullfrog skeletons (D:5)
  An iguana (D:4)
  An orc wizard (D:4)
  A howler monkey zombie (D:5)
  5 gnolls
  5 adders
  A shadow imp (D:6)
  An ufetubus (D:5)
  An adder skeleton (D:4)
  4 worms
  A dart slug (D:2)
  9 orcs (D:4)
  8 ball pythons
  7 endoplasms
  5 giant cockroaches (D:1)
  7 goblins
  5 hobgoblins
  16 jackals
  A quokka (D:4)
  3 bats
  2 frilled lizards (D:2)
  16 kobolds
  6 rats
123 creatures vanquished.

Vanquished Creatures (others)
  428 foxfires
428 creatures vanquished.

Grand Total: 551 creatures vanquished

Notes
Turn   | Place    | Note
-------+----------+-------------------------------------------
     0 | D:1      | senseless the Djinni Fire Elementalist began the quest for
                  | the Orb.
     0 | D:1      | Reached XP level 1. HP: 15/15 MP: 0/0
     1 | D:1      | Found a runed translucent door.
   338 | D:1      | Reached XP level 2. HP: 20/21 MP: 0/0
   912 | D:1      | Reached XP level 3. HP: 16/25 MP: 0/0
   912 | D:1      | Learned a level 1 spell: Sting
  1049 | D:1      | Reached skill level 3 in Spellcasting
  2047 | D:2      | Reached XP level 4. HP: 24/31 MP: 0/0
  2583 | D:2      | Found a hazy altar of Hepliaklqana.
  2898 | D:2      | Found a faded altar of an unknown god.
  2909 | D:2      | Reached XP level 5. HP: 33/35 MP: 0/0
  2909 | D:2      | Learned a level 2 spell: Corpse Rot
  4058 | D:4      | Found a sacrificial altar of Ru.
  4094 | D:4      | Reached skill level 4 in Spellcasting
  4501 | D:4      | Found a blossoming altar of Fedhas.
  4625 | D:4      | Noticed Grinder
  4791 | D:4      | Reached XP level 6. HP: 35/40 MP: 0/0
  4825 | D:4      | Paralysed by Grinder for 2 turns
  5354 | D:4      | Noticed a water moccasin
  5360 | D:4      | Killed a water moccasin
  5361 | D:4      | Reached skill level 5 in Spellcasting
  5361 | D:4      | Reached XP level 7. HP: 39/45 MP: 0/0
  5361 | D:4      | Learned a level 3 spell: Stone Arrow
  5610 | D:4      | Reached skill level 5 in Dodging
  5860 | D:4      | Killed Grinder
  5861 | D:4      | Reached XP level 8. HP: 33/50 MP: 0/0
  6238 | D:5      | Entered Level 5 of the Dungeon
  6271 | D:5      | Found a staircase to the Ecumenical Temple.
  6290 | D:5      | Reached skill level 6 in Spellcasting
  6291 | Temple   | Entered the Ecumenical Temple
  6392 | Temple   | Became a worshipper of Makhleb the Destroyer
  7457 | D:6      | Noticed a wyvern
  7480 | D:6      | Killed a wyvern
  7481 | D:6      | Reached skill level 7 in Spellcasting
  7481 | D:6      | Reached XP level 9. HP: 52/55 MP: 0/0
  7481 | D:6      | Learned a level 3 spell: Spider Form
  7559 | D:6      | HP: 1/55 [something (7)]
  7710 | D:6      | Mangled by an unseen horror

Illustrated notes

Levels and vault maps discovered:
D:1:      dpeg_arrival_caged_fury, layout_basic, minmay_split_cup_large
D:2:      layout_basic, basic_altar, serial_curves, eino_curves_02,
          eino_curves_01, ebering_ecumenical_altar_sacrificial,
          minmay_fractal_squares_gapless_5
D:3:      layout_rooms
D:4:      layout_basic, fedhas_altar_4, overflow_temple_1_default,
          hangedman_decor_push, uniq_grinder
D:5:      layout_loops_ring, nicolae_sif_muna_little_library,
          minmay_temple_entry_slanted
D:6:      minmay_opposing_rooms, layout_rooms, trog_ov_bears_minmay,
          lemuel_crystal_altar, serial_park_tiny_pond, minmay_pentangle,
          uniq_pikel
Temple:   zaba_magenta_temple

Skill      XL: |  1  2  3  4  5  6  7  8 |
---------------+-------------------------+-----
Spellcasting   | 3 4 5 7 |  7.0
Dodging        | 3 4 5 6 |  6.9
Stealth        | |  1.5

Action                   |  1- 3 |  4- 6 |  7- 9 || total
-------------------------+-------+-------+-------++-------
Melee: Hand axe          |       |       |     6 ||     6
 Cast: Foxfire           |    71 |   168 |    36 ||   275
       Stone Arrow       |       |       |    26 ||    26
  Use: Scroll            |       |     9 |     3 ||    12
       Potion            |       |       |     3 ||     3
Armor: Robe              |     6 |     5 |     4 ||    15
Dodge: Dodged            |    29 |     6 |    11 ||    46

Table legend: (Time is in decaauts)
 A = Elapsed time spent in this place.
 B = Non-inter-level travel time spent in this place.
 C = Inter-level travel time spent in this place.
 D = Time resting spent in this place.
 E = Time spent auto-exploring this place.
 F = Levels seen in this place.
 G = Mean time per level.
                   A        B        C        D        E       F      G
               +--------+--------+--------+--------+--------+-----+--------+
         Total |   7711 |   7482 |    229 |    509 |   6092 |   7 | 1101.6 |
       Dungeon |   7593 |   7380 |    213 |    509 |   6015 |   6 | 1265.5 |
        Temple |    118 |    102 |     16 |      0 |     77 |   1 |  118.0 |
               +--------+--------+--------+--------+--------+-----+--------+

Top non-repeatable levels by time:
     D:4: 2108 daAuts
     D:1: 1917 daAuts
     D:2: 1532 daAuts
     D:5: 1100 daAuts
     D:3: 680 daAuts
     D:6: 254 daAuts
  Temple: 118 daAuts
